 Dungeon Crawl Stone Soup version 0.29.1-15-g9cfb28693d (webtiles) character file.

Game seed: 16373261036364744401

112 JohnMilton the Shooter (level 5, 0/39 HPs)
             Began as a Human Hunter on Feb 21, 2023.
             Succumbed to an orc's poison
             ... on level 4 of the Dungeon.
             The game lasted 00:07:19 (1899 turns).

JohnMilton the Shooter (Human Hunter)               Turns: 1899, Time: 00:07:20

Health: 0/39       AC:  3    Str: 11    XL:     5   Next: 16%
Magic:  5/5        EV: 12    Int: 12    God:
Gold:   74         SH:  0    Dex: 16    Spells: 5/5 levels left

rFire   + . .      SeeInvis .   h - +4 quarterstaff (chaos)
rCold   . . .      Faith    .   (shield currently unavailable)
rNeg    . . .      Spirit   .   c - +0 leather armour
rPois   .          Reflect  .   (no helmet)
rElec   .          Harm     .   (no cloak)
rCorr   .          Rampage  .   (no gloves)
Will    .....                   (no boots)
Stlth   ++........              (no amulet)
HPRegen 0.13/turn               l - ring of protection from fire
MPRegen 0.09/turn               (no ring)

@: lethally poisoned (0 -> -7), hasted, very quick
A: no striking features
a: no special abilities


You were on level 4 of the Dungeon.
You visited 1 branch of the dungeon, and saw 4 of its levels.

You collected 74 gold pieces.

Inventory:

Hand Weapons
 a - a +2 shortbow of freezing
 h - a +4 quarterstaff of chaos (weapon)
Armour
 c - a +0 leather armour (worn)
Jewellery
 l - a ring of protection from fire (left hand)
Scrolls
 b - a scroll of immolation
 d - a scroll of enchant armour {unknown}
 e - a scroll of butterflies {unknown}
 f - a scroll of fear {unknown}
 g - a scroll of noise {unknown}
 i - a scroll of magic mapping {unknown}


   Skills:
 * Level 2.3 Fighting
 * Level 0.6 Staves
 * Level 5.1 Ranged Weapons
 * Level 1.4 Armour
 * Level 2.2 Dodging
 * Level 1.6 Stealth
 * Level 0.6 Spellcasting


You had 5 spell levels left.
You didn't know any spells.
Your spell library contained the following spells:

 Spells                   Type           Power      Damage    Failure   Level
 Portal Projectile        Hex/Tloc       0%         N/A       77%         3
 Tukima's Dance           Hex            0%         N/A       77%         3
 Blade Hands              Tmut           0%         N/A       100%        5


Dungeon Overview and Level Annotations

Branches:
Dungeon (4/15)
 Temple: D:4-7

Altars:

Annotations:
D:3 Robin


Message History

You closely miss the orc wizard.
The orc wizard is heavily wounded.
The orc wizard completely misses you.
You hit the orc wizard. You freeze the orc wizard.
The orc wizard is almost dead.
The orc hits you with a +1 hand axe of venom.
You are poisoned.
The orc wizard barely misses you.
You hit the orc. You freeze the orc.
The orc is moderately wounded.
You feel very sick.
The orc hits you with a +1 hand axe of venom.
You are more poisoned.
The orc wizard hits you with a +0 dagger.
You barely miss the orc.
The orc is moderately wounded.
You feel very sick.
The orc hits you with a +1 hand axe of venom.
* * * LOW HITPOINT WARNING * * *
The orc wizard closely misses you.
Unknown command.
It was a potion of haste.
You feel yourself speed up.
* * * LOW HITPOINT WARNING * * *
You feel very sick. The orc barely misses you.
The orc wizard casts a spell at you. You resist with some effort.
Unknown command.
You sock the orc wizard!
You kill the orc wizard!
* * * LOW HITPOINT WARNING * * *
You feel sick. The orc closely misses you.
You have reached level 5!
You closely miss the orc.
The orc is moderately wounded.
* * * LOW HITPOINT WARNING * * *
You feel sick. The orc barely misses you.
You sock the orc! You freeze the orc.
You kill the orc!
You die...

..##.#...##.###))................
..##.............................
...........#####..#.#.##.#.......
..##.#.###.# #..#.#.##.#.######
..##.#.###.### #..#.#.##.#.....##
...............#..#.#.##.#####.##
......####+###.####.#.##.#.###.##
....#.# ........##.#.##.........
....#... ......)@..........##....
....#####...##.#)##.#.####.##..##
.>..... ............ .......
........ ..##?.##.............##
........... ..). #.##.######....
.......... ..#.. #.##.. ....#
......... ...##. #. #### ##..##
####### .. .. .. #..


There were no monsters in sight!

Vanquished Creatures
  Crazy Yiuf (D:3)
  An iguana (D:4)
  An orc wizard (D:4)
  A worm (D:2)
  A dart slug (D:3)
  4 orcs (D:4)
  2 endoplasms (D:2)
  5 goblins
  A hobgoblin (D:2)
  4 kobolds
  A quokka (D:1)
  2 frilled lizards
  4 rats (D:1)
28 creatures vanquished.

Vanquished Creatures (others)
  2 fungi (D:3)
2 creatures vanquished.

Grand Total: 30 creatures vanquished

Notes
Turn   | Place    | Note
-------+----------+-------------------------------------------
     0 | D:1      | JohnMilton the Human Hunter began the quest for the Orb.
     0 | D:1      | Reached XP level 1. HP: 16/16 MP: 1/1
   247 | D:1      | Reached XP level 2. HP: 22/22 MP: 2/2
  1118 | D:1      | Reached XP level 3. HP: 27/27 MP: 3/3
  1201 | D:3      | Noticed Robin
  1415 | D:3      | Found a runed translucent door.
  1416 | D:3      | Noticed Crazy Yiuf
  1427 | D:3      | Killed Crazy Yiuf
  1428 | D:3      | Reached XP level 4. HP: 23/33 MP: 4/4
  1564 | D:4      | Reached skill level 1 in Armour
  1756 | D:4      | Reached skill level 5 in Ranged Weapons
  1897 | D:4      | HP: 1/33 [poisoned by an orc]
  1898 | D:4      | Reached XP level 5. HP: 1/39 MP: 5/5
  1899 | D:4      | Succumbed to an orc's poison

Illustrated notes

Levels and vault maps discovered:
D:1:      nicolae_arrival_somewhat_less_tricky_arrival, layout_rooms,
          serial_bayou_pond_a, nicolae_titane
D:2:      layout_rooms, serial_rivers, chequers_serial_rivers_micro_a,
          chequers_serial_rivers_micro_c, chequers_serial_rivers_large_b,
          chequers_serial_rivers_micro_d
D:3:      layout_loops_ring, lemuel_doored_altar, serial_bayou_pond_d,
          uniq_crazy_yiuf_cottage, uniq_robin, uniq_grinder
D:4:      layout_basic, bloody_makhleb

Skill      XL: |  1  2  3  4 |
---------------+-------------+-----
Armour         | 1 |  1.4
Ranged Weapons | 5 |  5.1
Fighting       | |  2.3
Staves         | |  0.6
Dodging        | |  2.2
Stealth        | |  1.6
Spellcasting   | |  0.6

Action                   |  1- 3 |  4- 6 || total
-------------------------+-------+-------++-------
Melee: Unarmed           |    10 |       ||    10
       Quarterstaff      |       |    20 ||    20
 Fire: Shortbow          |    39 |     7 ||    46
  Use: Scroll            |     5 |     1 ||     6
       Potion            |     2 |     1 ||     3
Armor: Leather armour    |     2 |     2 ||     4
Dodge: Dodged            |    13 |    18 ||    31
